 Dungeon Sprint DCSS version 0.20.1-1-g8b1a95d (webtiles) character file.

1054 QuCean the Protected (level 8, -1/80 HPs)
             Began as a Minotaur Fighter on Oct 18, 2017.
             Was a Follower of Okawaru.
             Slain by a centaur warrior (7 damage)
             ... in the Dungeon (Sprint I: "Red Sonja").
             The game lasted 00:00:58 (773 turns).

QuCean the Protected (Minotaur Fighter)              Turns: 773, Time: 00:00:59

Health: -1/80      AC:  9    Str: 22    XL:     8   Next: 5%
Magic:  7/7        EV: 10    Int:  5    God:    Okawaru [*.....]
Gold:   314        SH: 12    Dex: 11    Spells: 7/7 levels left

rFire    . . .     SeeInvis .   a - +0 war axe
rCold    . . .     Gourm    .   c - +0 shield
rNeg     . . .     Faith    .   b - +0 scale mail
rPois    .         Spirit   .   (helmet restricted)
rElec    .         Reflect  .   (no cloak)
rCorr    .         Harm     .   (no gloves)
MR       .....     NoTele   +   (no boots)
Stlth    ..........             (no amulet)
Regen    0.3/turn               (no ring)
MPRegen  0.1/turn               (no ring)

@: no status effects
A: retaliatory headbutt, horns 2
a: Heroism, Renounce Religion


You were in the Dungeon.
You worshipped Okawaru.
Okawaru was aware of your devotion.
You were not hungry.

You visited 1 branch You collected 314 gold pieces.

Inventory:

Hand Weapons
 a - a +0 war axe (weapon)
Armour
 b - a +0 scale mail (worn)
 c - a +0 shield (worn)
Wands
 l - a wand of random effects (27/48)
Scrolls
 k - a scroll of blinking
 n - a scroll of recharging {unknown}
Potions
 d - a potion of might
 e - a potion of curing
 g - a potion of heal wounds
 h - a potion of haste
 i - 2 potions of magic
 j - a potion of berserk rage
 m - 2 potions of mutation {unknown}
Comestibles
 f - a bread ration


   Skills:
 + Level 10.4 Fighting
 + Level 10.2 Axes
 + Level 11.5 Armour
 + Level 3.1 Dodging
 + Level 11.1 Shields


You had 7 spell levels left.
You didn't know any spells.

Dungeon Overview and Level Annotations

Branches:
Dungeon (1/1)

Altars:
Cheibriados
Dithmenos
Elyvilon
Fedhas
Gozag
Hepliaklqana
Kikubaaqudgha
Nemelex Xobeh
Okawaru
Qazlal
Ru
Sif Muna
Trog
Uskayaw
Vehumet
Yredelemnul
Zin
The Shining One

Shops:
D (


Innate Abilities, Weirdness & Mutations

You reflexively headbutt those who attack you in melee.
You have a pair of horns on your head.


Message History

You slash the centaur warrior! You headbutt the centaur warrior.
The centaur warrior is moderately wounded.
You block the centaur warrior's attack. x2
You slice the centaur warrior!!
Your headbutt misses the centaur warrior.
The centaur warrior is severely wounded.
The centaur warrior hits you but does no damage.
You hit the centaur warrior.
The centaur warrior is severely wounded.
The centaur warrior barely misses you. You furiously retaliate!
You headbutt the centaur warrior, but do no damage.
The centaur warrior hits you.
* * * LOW HITPOINT WARNING * * *
You barely miss the centaur warrior.
The centaur warrior is severely wounded.
You block the centaur warrior's attack.
You hit the centaur warrior.
The centaur warrior is severely wounded.
The centaur warrior hits you!
You die...

#############
#..').#.)'..#
').#..'..#..+
#####'#####'# ####
####..#...#.####$)#
#__####..##§#≈§§§§#
#_____##'#..§≈§§@§+
#_.∩...'..._#≈§§c§#
#_..__##_.#'##+####
#_____###+#.#
####### ###


You could see a centaur warrior.

Vanquished Creatures
  A centaur warrior (D)
  A yak (D)
  Sigmund (D)
  An ogre (D)
  A jelly (D)
  Ijyb (D)
6 creatures vanquished.

Notes
Turn   | Place    | Note
-------+----------+-------------------------------------------
     0 | D        | QuCean the Minotaur Fighter began the quest for the Orb.
     0 | D        | Reached XP level 1. HP: 19/19 MP: 0/0
     1 | D        | Noticed Ijyb
    18 | D        | Killed Ijyb
    18 | D        | Reached skill level 5 in Armour
    18 | D        | Reached skill level 5 in Shields
    18 | D        | Reached XP level 2. HP: 28/28 MP: 1/1
   123 | D        | Noticed an ogre
   126 | D        | Killed an ogre
   126 | D        | Reached skill level 1 in Dodging
   126 | D        | Reached XP level 3. HP: 29/38 MP: 2/2
   126 | D        | Reached XP level 4. HP: 34/45 MP: 3/3
   205 | D        | Noticed Sigmund
   213 | D        | Killed Sigmund
   213 | D        | Reached skill level 5 in Axes
   213 | D        | Reached XP level 5. HP: 38/56 MP: 4/4
   421 | D        | Found a deep blue altar of Sif Muna.
   423 | D        | Found a radiant altar of Vehumet.
   426 | D        | Reached XP level 6. HP: 59/62 MP: 5/5
   435 | D        | Found Fitus's Weapon Emporium.
   435 | D        | Found an ancient bone altar of Kikubaaqudgha.
   435 | D        | Found a hazy altar of Hepliaklqana.
   435 | D        | Found a stormy altar of Qazlal.
   435 | D        | Found a hide-covered altar of Uskayaw.
   435 | D        | Found a blossoming altar of Fedhas.
   435 | D        | Found a bloodstained altar of Trog.
   435 | D        | Found an iron altar of Okawaru.
   435 | D        | Found a basalt altar of Yredelemnul.
   435 | D        | Found a glowing golden altar of the Shining One.
   435 | D        | Found a snail-covered altar of Cheibriados.
   435 | D        | Found a sacrificial altar of Ru.
   435 | D        | Found a glowing silver altar of Zin.
   435 | D        | Found a shadowy altar of Dithmenos.
   435 | D        | Found a white marble altar of Elyvilon.
   435 | D        | Noticed a yak
   442 | D        | Killed a yak
   442 | D        | Reached skill level 10 in Armour
   443 | D        | Found an opulent altar of Gozag.
   714 | D        | Found a sparkling altar of Nemelex Xobeh.
   720 | D        | Became a worshipper of Warmaster Okawaru
   755 | D        | Noticed a centaur warrior
   757 | D        | Noticed a centaur warrior
   767 | D        | Killed a centaur warrior
   767 | D        | Reached * piety under Okawaru
   767 | D        | Reached skill level 10 in Fighting
   767 | D        | Reached skill level 10 in Axes
   767 | D        | Reached XP level 7. HP: 23/73 MP: 6/6
   767 | D        | Reached XP level 8. HP: 25/80 MP: 7/7
   773 | D        | Slain by a centaur warrior

Skill      XL: |  1  2  3  4  5  6 |
---------------+-------------------+-----
Fighting       | 4 6 8 10 | 10.4
Axes           | 3 4 5 6 10 | 10.2
Armour         | 5 7 9 11 | 11.5
Shields        | 5 6 8 11 | 11.1
Dodging        | 1 3 |  3.1

Action                   |  1- 3 |  4- 6 |  7- 9 || total
-------------------------+-------+-------+-------++-------
Melee: War axe           |    19 |    23 |     5 ||    47
       Headbutt          |     2 |     6 |     1 ||     9
Armor: Scale mail        |     5 |    11 |     1 ||    17
Dodge: Dodged            |     5 |     2 |     1 ||     8
Block: Shield            |     9 |    17 |     4 ||    30
